cohdb
Replays
Latest Replays
All Replays
Popular Replays
Top Player Replays
Match Explorer
How It Works
Community
CoH3 Stats
Reddit
Sign in to upload your games and track your stats! →
Sign in with Steam
Match 46593431
Unlisted
Match 46593431
Overview
Messages
Build Orders
End
Royal Engineer Section
Construct Section Command Post
Dingo Light Scout Car
Infantry Section
Infantry Section
Construct Platoon Command Post
Vickers Machine Gun Team
Humber Armored Car
Selects Heavy Armor Battlegroup
Selects Light Vehicle Withdraw and Refit
Selects Rigorous Vehicle Training
Light Vehicle Withdraw and Refit
6-pounder Anti-tank Gun Team
Royal Engineer Section
Infantry Section
Construct Field Infirmary
6-pounder Anti-tank Gun Team
Grenade Package
Vickers Machine Gun Team
Construct Company Command Post
Crusader II Medium Tank
Selects UNKNOWN (202330)
Selects Forward Repair Assembly
Crusader AA Medium Tank
Foot Guards Section
Anevan
Dark Lord Cthulhu
0
0
Comments
sign in to comment!
No comments posted yet!